 Dungeon Crawl Stone Soup version 0.22-a0-866-geee5034 (webtiles) character file.

9671 Kidiri the Thaumaturge (level 11, -9/62 HPs)
             Began as a Deep Elf Fire Elementalist on July 27, 2018.
             Was a Priest of Vehumet.
             Killed from afar by Josephine (30 damage)
             ... with a ghostly fireball
             ... on level 10 of the Dungeon on July 28, 2018.
             The game lasted 00:39:21 (10948 turns).

Kidiri the Thaumaturge (DEFE)                      Turns: 10948, Time: 00:39:22

Health: -9/62      AC: 10    Str: 11    XL:     11   Next: 26%
Magic:  14/28      EV: 15    Int: 24    God:    Vehumet [***...]
Gold:   604        SH:  0    Dex: 22    Spells: 1/33 levels left

rFire    + . .     SeeInvis .   b - +4 dagger
rCold    . . .     Gourm    .   (no shield)
rNeg     . . .     Faith    .   l - +1 troll leather armour {Purgy}
rPois    .         Spirit   .   r - +2 helmet
rElec    .         Reflect  .   m - -2 cloak of the Orb Guardian {Dex+7}
rCorr    .         Harm     .   u - +0 pair of gloves
MR       +....                  q - +1 pair of boots
Stlth    ++........             (no amulet)
HPRegen  0.60/turn              i - +6 ring of strength
MPRegen  0.21/turn              A - ring of protection from fire

@: lethally poisoned (-9 -> -9), about to teleport, heavily drained
A: no striking features
a: Renounce Religion


You were on level 10 of the Dungeon.
You worshipped Vehumet.
Vehumet was most pleased with you.
You were not hungry.

You visited 2 branches of the dungeon, and saw 11 of its levels.
You also visited: Sewer.

You collected 604 gold pieces.

Inventory:

Hand Weapons
 b - a +4 dagger (weapon)
Armour
 l - a +1 troll leather armour (worn) {Purgy}
 m - the -2 cloak of the Orb Guardian (worn) {Dex+7}
   (You acquired it on level 7 of the Dungeon)

   It affects your dexterity (+7).
 q - a +1 pair of boots (worn)
 r - a +2 helmet (worn)
 u - a +0 pair of gloves (worn)
Jewellery
 a - an uncursed ring of protection from magic
 i - a +6 ring of strength (left hand)
 A - a ring of protection from fire (right hand)
 E - an uncursed ring of ice
 F - an uncursed ring of stealth
Wands
 j - a wand of digging (7)
 k - a wand of polymorph (9)
 t - a wand of paralysis (31)
Scrolls
 s - 5 scrolls of teleportation
 w - 2 scrolls of fear
 y - a scroll of immolation
 B - a scroll of blinking
 C - 2 scrolls of remove curse
 D - a scroll of fog
Potions
 d - a potion of invisibility
 e - 2 potions of mutation {unknown}
 f - 2 potions of heal wounds
 g - a potion of curing
 h - 2 potions of flight
 n - a potion of lignification
 o - 5 potions of brilliance {unknown}
 p - a potion of magic
 x - a potion of haste
 z - 4 potions of might {unknown}
 G - a potion of cancellation {unknown}
Comestibles
 c - 16 rations


   Skills:
 + Level 4.3(2.5) Fighting
 + Level 5.3(3.5) Short Blades
 + Level 4.4(2.6) Armour
 + Level 6.9(5.0) Dodging
 - Level 2.4(0.7) Stealth
 * Level 11.8(9.7) Spellcasting
 + Level 7.1(5.1) Conjurations
 + Level 7.7(5.8) Fire Magic
 + Level 4.2(2.4) Air Magic
 + Level 3.6(1.9) Earth Magic


You had one spell level left.
You knew the following spells:

 Your Spells              Type           Power        Failure   Level  Hunger
a - Flame Tongue          Conj/Fire      #####        1%          1    None
b - Throw Flame           Conj/Fire      #####.       1%          2    None
c - Conjure Flame         Conj/Fire      #####...     1%          3    None
d - Inner Flame           Hex/Fire       ####....     1%          3    None
e - Sticky Flame          Conj/Fire      #####...     2%          4    #......
f - Fireball              Conj/Fire      #####.....   5%          5    ####...
g - Shock                 Conj/Air       ####         1%          1    None
h - Airstrike             Air            ###.......   7%          4    #......
i - Lightning Bolt        Conj/Air       ####......   11%         5    ####...
j - Stone Arrow           Conj/Erth      ####..       1%          3    None
k - Magic Dart            Conj           ####         1%          1    None

Your spell library contained the following spells:

 Spells                   Type           Power        Failure   Level  Hunger
 Iskenderun's Mystic Bla  Conj           #####...     2%          4    #......
 Swiftness                Chrm/Air       ###.....     6%          2    None
 Static Discharge         Conj/Air       ####....     1%          3    None
 Fulminant Prism          Conj/Hex       ###.......   7%          4    #......
 Dazzling Spray           Conj/Hex       ###...       2%          3    None
 Force Lance              Conj/Tloc      ###.....     7%          4    #......
 Searing Ray              Conj           #####.       1%          2    None


Dungeon Overview and Level Annotations

Branches:
Dungeon (10/15)            Temple (1/1) D:5
   Lair: D:8-11         Orc: D:9-12

Altars:
Ashenzari
Cheibriados
Dithmenos
Elyvilon
Fedhas
Gozag
Hepliaklqana
Kikubaaqudgha
Makhleb
Nemelex Xobeh
Okawaru
Qazlal
Ru
Sif Muna
Trog
Uskayaw
Vehumet
Wu Jian
Xom
Yredelemnul
Zin
The Shining One

Shops:
D:5 *   D:8 [

Annotations:
D:10 Josephine


Message History

Casting: Lightning Bolt (safe; 8% risk of failure)
Confirm with . or Enter, or press ? or * to list all spells.
Aiming: Sticky Flame (safe; 1% risk of failure)
Press: ? - help, Shift-Dir - straight line, f - Josephine, p - wraith
Aim: Josephine, wielding a dagger of venom and wearing a glowing robe (heavily wounded, covered in liquid flames)
Okay, then.
Casting: Sticky Flame (safe; 1% risk of failure)
Confirm with . or Enter, or press ? or * to list all spells.
Aiming: Inner Flame (safe; 1% risk of failure)
Press: ? - help, Shift-Dir - straight line, f/p - wraith
Aim: a wraith (lightly damaged, chance to defeat MR: 52%) Josephine is filled with an inner flame.
You feel sick.
Josephine burns!
Josephine hits you but does no damage.
You are more poisoned.
Unknown command.
A black bear comes into view.
You feel sick.
Josephine burns!
Josephine stops burning.
Josephine points at you and mumbles some strange words.
The ghostly flame explodes!
The ghostly fireball engulfs you!
You feel drained.
You die...

#........##......##.#
#........##......##.#
#........##......##o#
####........##......##..
.h..........##......####
......@.....##......####
......####..............
......####..............
.......@.@W.............
......####..............
(.... #####..........
.... #.......... ###
#........(. #..........
###########


You could see Josephine (inner flame), a wraith and a black bear (wandering).

Vanquished Creatures
  3 two-headed ogres
  Nergalle (D:10)
  Sonja (D:10)
  Joseph (D:8)
  A hornet (D:8)
  Grinder (D:4)
  Prince Ribbit (D:5)
  2 wyverns
  3 wraiths (D:10)
  5 yaks (D:10)
  Eustachio (D:4)
  A hungry ghost (D:8)
  The ghost of inc the Skirmisher, an amateur OgSk (D:3)
  Purgy (D:3)
  4 orc warriors
  A black bear (D:8)
  3 ogres
  A sky beast (D:9)
  A necrophage (D:8)
  2 ice beasts
  A phantom (D:6)
  A centaur (D:6)
  4 bullfrogs
  A wyvern zombie (D:6)
  4 scorpions
  A wyvern skeleton (D:6)
  8 wights
  2 howler monkeys (D:10)
  2 electric eels (D:8)
  A centaur zombie (D:3)
  6 crimson imps
  Crazy Yiuf (D:2)
  3 jellies
  3 hounds
  A centaur skeleton (D:6)
  6 orc priests
  2 bullfrog skeletons
  A gnoll shaman (D:9)
  5 orc wizards
  Ijyb (D:3)
  3 iguanas
  Natasha (twice) (D:3)
  5 worker ants
  Robin (D:4)
  A howler monkey skeleton (D:5)
  7 gnolls
  17 adders
  A shadow imp (D:9)
  3 oozes
  3 worms
  A dart slug (D:2)
  4 leopard geckos
  26 orcs
  4 ball pythons
  2 giant cockroaches
  18 goblins
  7 hobgoblins
  A quokka (D:3)
  A ball python skeleton (D:6)
  6 bats
  5 frilled lizards
  14 kobolds
  11 rats
  2 rat zombies (D:5)
234 creatures vanquished.

Vanquished Creatures (others)
  Natasha (D:3)
  A worm (D:3)
  A hobgoblin (D:3)
3 creatures vanquished.

Grand Total: 237 creatures vanquished

Notes
Turn   | Place    | Note
-------+----------+-------------------------------------------
     0 | D:1      | Kidiri the Deep Elf Fire Elementalist began the quest for the Orb.
     0 | D:1      | Reached XP level 1. HP: 10/10 MP: 6/6
   309 | D:1      | Reached XP level 2. HP: 12/15 MP: 3/8
   366 | D:1      | Learned a level 2 spell: Throw Flame
   877 | D:2      | Found a shimmering altar of Xom.
   878 | D:2      | Found a shimmering altar of Xom.
   878 | D:2      | Found a shimmering altar of Xom.
   878 | D:2      | Found a white marble altar of Elyvilon.
   901 | D:2      | Reached skill level 4 in Spellcasting
  1173 | D:2      | Reached XP level 3. HP: 19/19 MP: 4/10
  1270 | D:1      | Learned a level 3 spell: Conjure Flame
  1274 | D:1      | Learned a level 3 spell: Inner Flame
  1360 | D:2      | Found a runed door.
  1726 | D:2      | Reached XP level 4. HP: 24/24 MP: 5/12
  1738 | D:2      | Found a shimmering altar of Xom.
  2041 | D:2      | Noticed Crazy Yiuf
  2047 | D:2      | Killed Crazy Yiuf
  2047 | D:2      | Reached skill level 5 in Spellcasting
  2183 | D:3      | Learned a level 4 spell: Sticky Flame
  2307 | D:3      | Found an ornate altar of the Wu Jian Council.
  2334 | D:3      | Noticed Purgy
  2345 | D:3      | Reached XP level 5. HP: 20/28 MP: 6/14
  2346 | D:3      | Killed Purgy
  2346 | D:3      | Reached skill level 6 in Spellcasting
  2547 | D:3      | Reached XP level 6. HP: 32/32 MP: 13/17
  2563 | D:3      | Found a glowing golden altar of the Shining One.
  2566 | D:3      | Found a runed door.
  2655 | D:3      | Noticed Natasha
  2660 | D:3      | Killed Natasha
  2735 | D:3      | Learned a level 5 spell: Fireball
  2737 | D:3      | Noticed Ijyb
  2742 | D:3      | Killed Ijyb
  3085 | D:3      | Found a radiant altar of Vehumet.
  3099 | D:3      | Noticed Natasha
  3106 | D:3      | Killed Natasha
  3355 | D:3      | Became a worshipper of Vehumet
  3388 | D:3      | Noticed Natasha
  3390 | D:3      | Killed Natasha
  3798 | D:3      | Noticed inc's ghost (amateur OgSk)
  4049 | D:3      | Reached skill level 7 in Spellcasting
  4062 | D:3      | Killed inc's ghost
  4062 | D:3      | Reached skill level 1 in Short Blades
  4062 | D:3      | Reached skill level 5 in Fire Magic
  4062 | D:3      | Reached XP level 7. HP: 33/37 MP: 2/19
  4229 | D:2      | Found a hazy altar of Hepliaklqana.
  4329 | D:4      | Noticed Robin
  4342 | D:4      | Reached skill level 1 in Fighting
  4343 | D:4      | Killed Robin
  4343 | D:4      | Reached skill level 1 in Armour
  4701 | D:4      | Noticed Grinder
  4707 | D:4      | Reached * piety under Vehumet
  4707 | D:4      | Offered knowledge of Sting by Vehumet.
  4707 | D:4      | Killed Grinder
  4707 | D:4      | Reached XP level 8. HP: 41/43 MP: 13/21
  4714 | D:4      | Reached skill level 8 in Spellcasting
  4870 | D:4      | Noticed Eustachio
  4879 | D:4      | Killed Eustachio
  5297 | D:5      | Entered Level 5 of the Dungeon
  5323 | D:5      | Found a glowing drain.
  5335 | Sewer    | Entered a sewer
  5765 | D:5      | Noticed Prince Ribbit
  5773 | D:5      | Killed Prince Ribbit
  5779 | D:5      | Offered knowledge of Shock by Vehumet.
  5785 | D:5      | Learned a level 1 spell: Shock
  5947 | D:5      | Reached ** piety under Vehumet
  5962 | D:5      | Reached skill level 5 in Conjurations
  5988 | D:5      | Found a staircase to the Ecumenical Temple.
  6004 | Temple   | Entered the Ecumenical Temple
  6101 | D:5      | Found a hazy altar of Hepliaklqana.
  6155 | D:5      | Reached skill level 9 in Spellcasting
  6233 | D:5      | Found an ancient bone altar of Kikubaaqudgha.
  6256 | D:5      | Found Ifag's General Store.
  6345 | D:5      | Reached skill level 1 in Air Magic
  6367 | D:4      | Learned a level 1 spell: Magic Dart
  6409 | D:6      | Reached XP level 9. HP: 46/49 MP: 14/24
  6543 | D:6      | Found a shadowy altar of Dithmenos.
  6620 | D:6      | Found a burning altar of Makhleb.
  6819 | D:6      | Upgraded the game from 0.22-a0-858-g985ef60 to 0.22-a0-866-geee5034
  6862 | D:6      | Reached skill level 5 in Dodging
  7940 | D:7      | Identified a scroll of acquirement
  7941 | D:7      | Got a shimmering cloak
  7953 | D:7      | Identified the -2 cloak of the Orb Guardian {Dex+7} (You acquired it on level 7 of the Dungeon)
  8147 | D:7      | Found a stormy altar of Qazlal.
  8181 | D:7      | Reached skill level 10 in Spellcasting
  8515 | D:8      | Found a blossoming altar of Fedhas.
  8612 | D:8      | Offered knowledge of Stone Arrow by Vehumet.
  8616 | D:8      | Noticed a two-headed ogre
  8617 | D:8      | Learned a level 3 spell: Stone Arrow
  8623 | D:8      | Killed a two-headed ogre
  8623 | D:8      | Reached skill level 1 in Earth Magic
  8623 | D:8      | Reached XP level 10. HP: 56/56 MP: 12/26
  8636 | D:8      | Found Betud's Armour Shop.
  8761 | D:8      | Noticed Joseph
  8796 | D:8      | Killed Joseph
  8961 | D:8      | Found a shattered altar of Ashenzari.
  9465 | D:9      | Found a radiant altar of Vehumet.
  9521 | D:9      | Reached *** piety under Vehumet
  9664 | D:9      | Noticed a two-headed ogre
  9683 | D:9      | Killed a two-headed ogre
  9683 | D:9      | Reached skill level 11 in Spellcasting
 10067 | D:9      | Found a deep blue altar of Sif Muna.
 10184 | D:10     | Entered Level 10 of the Dungeon
 10191 | D:10     | Noticed Sonja
 10194 | D:10     | Killed Sonja
 10289 | D:10     | Noticed Josephine
 10341 | D:10     | Reached skill level 5 in Short Blades
 10415 | D:10     | Learned a level 4 spell: Airstrike
 10432 | D:10     | Noticed a two-headed ogre
 10444 | D:10     | Killed a two-headed ogre
 10444 | D:10     | Reached XP level 11. HP: 61/61 MP: 1/28
 10449 | D:10     | Noticed Nergalle
 10660 | D:10     | Killed Nergalle
 10916 | D:10     | Learned a level 5 spell: Lightning Bolt
 10948 | D:10     | Killed from afar by Josephine

Vault maps used:
D:1:      shiori_arrival_oz, nrook_loot_triangle, kennysheep_boxes
D:2:      lemuel_upstairs_altar, elyvilon_altar_3, first_ration,
          xom_redecorated, uniq_crazy_yiuf_cottage
D:3:      lemuel_doored_altar, fiery_altar_vehumet, lemuel_round_altar,
          ebering_ghost_sewer_d, minmay_misc_feat_rugged, uniq_ijyb,
          uniq_natasha, uniq_purgy
D:4:      minmay_misc_feat_diagonals, uniq_eustachio, uniq_robin, uniq_grinder
D:5:      lemuel_zombie_altar_kikubaaqudgha, nicolae_overflow_crystal_walls,
          minmay_temple_entry_grid, serial_shops, nicolae_shop_trees,
          cheibrodos_sewer_entry_drain, glass_columns_c, uniq_prince_ribbit1
D:6:      lightli_temple_of_fire, basic_altar
D:7:      lemuel_round_altar
D:8:      ashenzari_conservatory_becter, lemuel_round_altar, serial_shops,
          shop_fountains, minmay_strange_pillars, uniq_joseph
D:9:      lemuel_coloured_pillars_altar, basic_altar
D:10:     lair_entry_dummy, basic_altar, serial_shops, nicolae_shop_waterfront,
          nicolae_shop_window_shopping, kennysheep_small_circle, uniq_nergalle,
          uniq_josephine, uniq_sonja
Temple:   eino_wide_crystal_templ
Sewer:    sewer_co_15_rooms

Skill      XL: |  1  2  3  4  5  6  7  8  9 10 11 |
---------------+----------------------------------+-----
Spellcasting   | 4 5 6 7 9 10 11 | 11.8
Conjurations   | 2 3 4 5 6 7 |  7.1
Fire Magic     | 4 5 6 7 |  7.7
Short Blades   | 1 3 4 5 |  5.3
Dodging        | 3 4 5 6 |  6.9
Fighting       | 1 2 3 4 |  4.3
Armour         | 1 2 3 4 |  4.4
Air Magic      | 1 2 4 |  4.2
Earth Magic    | 1 3 |  3.6
Stealth        | |  2.4

Action                   |  1- 3 |  4- 6 |  7- 9 | 10-12 || total
-------------------------+-------+-------+-------+-------++-------
Melee: Whip              |     2 |       |       |       ||     2
       Dagger            |     7 |    14 |    19 |    19 ||    59
       Short sword       |     1 |       |       |       ||     1
       Spear             |       |    17 |       |       ||    17
 Cast: Flame Tongue      |    53 |    70 |   159 |    66 ||   348
       Throw Flame       |    15 |    31 |    37 |    25 ||   108
       Conjure Flame     |       |     2 |     7 |     6 ||    15
       Inner Flame       |       |     1 |     4 |     7 ||    12
       Sticky Flame      |       |     3 |    19 |    19 ||    41
       Fireball          |       |       |     4 |     4 ||     8
       Shock             |       |       |    12 |       ||    12
       Stone Arrow       |       |       |       |    12 ||    12
       Airstrike         |       |       |       |     3 ||     3
       Lightning Bolt    |       |       |       |     2 ||     2
  Use: Scroll            |     1 |     2 |    15 |     9 ||    27
 Stab: Sleeping          |     2 |     1 |     7 |     5 ||    15
  Eat: Chunk             |     3 |     1 |    11 |     3 ||    18
       Ration            |       |     2 |     2 |     1 ||     5
Armor: Robe              |     3 |     8 |     6 |       ||    17
       Troll leather arm |       |       |    12 |    30 ||    42
Dodge: Dodged            |    36 |    30 |    51 |    50 ||   167

Table legend:
 A = Spawn XP
 B = Non-spawn XP
 C = Spawn XP percentage of total XP
 D = Spawn monster count
 E = Non-spawn monster count
 F = Spawn count percentage of total count
 G = Total turns spent on level
                    A         B        C        D         E        F      G
               +---------+---------+-------+---------+---------+-------+---------
         Total |       0 |   13817 |   0.0 |       0 |     235 |   0.0 | 10948
               +---------+---------+-------+---------+---------+-------+---------
           D:1 |       0 |      31 |   0.0 |       0 |      21 |   0.0 |   964
           D:2 |       0 |     141 |   0.0 |       0 |      22 |   0.0 |  1354
           D:3 |       0 |     655 |   0.0 |       0 |      40 |   0.0 |  1975
           D:4 |       0 |     909 |   0.0 |       0 |      29 |   0.0 |  1019
           D:5 |       0 |     904 |   0.0 |       0 |      22 |   0.0 |   897
           D:6 |       0 |    1303 |   0.0 |       0 |      21 |   0.0 |   847
           D:7 |       0 |     550 |   0.0 |       0 |      11 |   0.0 |  1040
           D:8 |       0 |    2562 |   0.0 |       0 |      16 |   0.0 |   874
           D:9 |       0 |    1880 |   0.0 |       0 |      19 |   0.0 |   770
          D:10 |       0 |    4793 |   0.0 |       0 |      19 |   0.0 |   764
         Sewer |       0 |      89 |   0.0 |       0 |      15 |   0.0 |   394
               +---------+---------+-------+---------+---------+-------+---------
